 Dungeon Crawl Stone Soup version 0.26.1-11-gd32895ea62 (webtiles) character file.

Game seed: 14475931473794771488

26 Zeld the Digger (level 3, 19/19 HPs)
             Began as a Gargoyle Earth Elementalist on June 7, 2021.
             Quit the game on level 1 of the Dungeon.
             The game lasted 00:02:32 (942 turns).

Zeld the Digger (Gargoyle Earth Elementalist)        Turns: 942, Time: 00:02:33

Health: 19/19      AC:  5    Str: 11    XL:     3   Next: 8%
Magic:  3/6        EV: 12    Int: 16    God:
Gold:   14         SH:  0    Dex: 10    Spells: 0/6 levels left

rFire    . . .     SeeInvis .   (no weapon)
rCold    . . .     Faith    .   (no shield)
rNeg     + . .     Spirit   .   c - +0 robe
rPois    ∞         Reflect  .   (no helmet)
rElec    +         Harm     .   (no cloak)
rCorr    .         Rampage  .   (no gloves)
Will     .....                  (no boots)
Stlth    ++........             (no amulet)
HPRegen  0.06/turn              (no ring)
MPRegen  0.10/turn              (no ring)

@: no status effects
A: negative energy resistance 1, electricity resistance, unbreathing,
petrification resistance, miasma immunity, AC +3
a: no special abilities


You were on level 1 of the Dungeon.
You visited 1 branch of the dungeon, and saw 1 of its levels.

You collected 14 gold pieces.

Inventory:

Missiles
 b - 32 stones (quivered)
Armour
 c - a +0 robe (worn)
Jewellery
 f - an uncursed ring of positive energy {unknown}
Scrolls
 a - a scroll of fear {unknown}
 d - a scroll of remove curse {unknown}
 e - a scroll of magic mapping {unknown}
 h - a scroll of teleportation {unknown}
 i - a scroll of enchant armour {unknown}
Potions
 g - 2 potions of curing {unknown}
 j - 2 potions of heal wounds {unknown}
 k - a potion of cancellation {unknown}


   Skills:
 + Level 1.9 Dodging
 - Level 2.1 Stealth
 + Level 2.3 Spellcasting
 - Level 0.7 Transmutations
 * Level 4.4 Earth Magic


You couldn't memorise any spells.
You knew the following spells:

 Your Spells              Type           Power        Failure   Level
a - Sandblast             Erth           32%          3%          1
b - Passwall              Tmut/Erth      8%           11%         2
c - Stone Arrow           Conj/Erth      16%          24%         3

Your spell library contained the following spells:

 Spells                   Type           Power        Failure   Level
 Petrify                  Tmut/Erth      10%          56%         4
 Lee's Rapid Deconstruct  Erth           8%           65%         5


Dungeon Overview and Level Annotations

Branches:
Dungeon (1/15)

Altars:


Innate Abilities, Weirdness & Mutations

You are resistant to torment.
Your stone body is resilient. (AC +3)
You are immune to poison.
You resist negative energy. (rN+)
You are resistant to electric shocks. (rElec)
You can survive without breathing.
You are immune to petrification.
You are immune to miasma.


Message History

The blast of sand misses the ooze.
b - 33 stones The ooze closely misses you.
Casting: Sandblast (safe; 3% risk of failure)
Confirm with . or Enter, or press ? or * to list all spells.
Aiming: Sandblast (safe; 3% risk of failure)
Press: ? - help, Shift-Dir - straight line, f/p - ooze
Aim: an ooze (2% to evade)
The blast of sand hits the ooze!
You kill the ooze!
b - 32 stones You have reached level 3!
Your experience leads to an increase in your attributes!
Increase (S)trength, (I)ntelligence, or (D)exterity?
You feel clever.
This spell is potentially lethal to cast!
Memorise Stone Arrow, consuming 3 spell levels and leaving 0?
You start memorising the spell.
You continue memorising. x3
You finish memorising.
Spell assigned to 'c'.
Are you sure you want to abandon this character and quit the game? (Confirm with "yes".)

#######.#### ....
...............# ##...
.##.(######.....
..........# ####.####
#...#.##..# #.......#
.###...#.##..# #...)...#
.......#.##..# #.......#
.......#.##..###........
.......@................
........................
........$.........#.##..
.......#..#..####.#.##..
...##..#..#..# #.#.##..
.. #..#..#.... .....+..
. ..........>.....##..
.............#.#.##..
.##...................


There were no monsters in sight!

Vanquished Creatures
  2 oozes (D:1)
  A leopard gecko (D:1)
  A bat (D:1)
  A giant cockroach (D:1)
  2 goblins (D:1)
  2 hobgoblins (D:1)
  2 frilled lizards (D:1)
  2 kobolds (D:1)
  4 rats (D:1)
17 creatures vanquished.

Notes
Turn   | Place    | Note
-------+----------+-------------------------------------------
     0 | D:1      | Zeld the Gargoyle Earth Elementalist began the quest for
                  | the Orb.
     0 | D:1      | Reached XP level 1. HP: 10/10 MP: 3/3
   158 | D:1      | Reached XP level 2. HP: 13/15 MP: 0/5
   161 | D:1      | Learned a level 2 spell: Passwall
   224 | D:1      | Reached skill level 4 in Earth Magic
   938 | D:1      | Reached XP level 3. HP: 19/19 MP: 3/6
   942 | D:1      | Learned a level 3 spell: Stone Arrow
   942 | D:1      | Quit the game

Illustrated notes

Levels and vault maps discovered:
D:1:      psy_arrival_wood_between_worlds, layout_basic, lemuel_old_faithful

Skill      XL: |  1  2 |
---------------+-------+-----
Earth Magic    | 4 |  4.4
Dodging        | |  1.9
Stealth        | |  2.1
Spellcasting   | |  2.3
Transmutations | |  0.7

Action                   || total
-------------------------++-------
Melee: Unarmed           ||     6
 Cast: Sandblast         ||    21
Armor: Robe              ||     1
Dodge: Dodged            ||    10
